 Dungeon Crawl Stone Soup version 0.31-a0-981-geadf994542 (webtiles) character file.

Game seed: 10745585795459806800

485 IdlyInterested the Cutter (level 6, 0/47 HPs)
             Began as a Demonspawn Fighter on Nov 1, 2023.
             Succumbed to Dowan's poison
             ... on level 5 of the Dungeon.
             The game lasted 00:14:39 (3452 turns).

IdlyInterested the Cutter (Demonspawn Fighter)      Turns: 3452, Time: 00:14:40

Health: 0/47       AC:  6    Str: 17    XL:     6   Next: 88%
Magic:  10/10      EV:  9    Int:  9    God:
Gold:   214        SH:  4    Dex: 14    Spells: 8/11 levels left

rFire   + . .        a - +0 rapier
rCold   + . .        c - +0 buckler
rNeg    . . .        b - +0 scale mail
rPois   .            (helmet restricted)
rElec   .            h - scarf {rC+ rF+}
rCorr   .            (no gloves)
SInv    .            (no boots)
Will    +....        (no amulet) Stlth
                     e - ring of willpower
HPRegen 0.27/turn    (no ring)
MPRegen 0.12/turn

%: no passive effects
@: mighty, lethally poisoned (0 -> 0), invisible
A: antennae 2, ignite blood 1, demonic magic 1
a: no special abilities


You were on level 5 of the Dungeon.
You visited 2 branches of the dungeon, and saw 6 of its levels.

You collected 214 gold pieces.

Inventory:

Hand Weapons
 a - a +0 rapier (weapon)
Missiles
 g - 45 stones
 k - 3 javelins
 q - 3 boomerangs
 v - 6 poisoned darts (quivered)
Armour
 b - a +0 scale mail (worn)
 c - a +0 buckler (worn)
 h - a scarf of resistance (worn)
 o - a +0 ring mail
 r - a +0 leather armour
 t - a +0 robe
Jewellery
 e - a ring of willpower (left hand)
Wands
 w - a wand of charming (2)
Scrolls
 j - a scroll of enchant weapon {unknown}
 l - 2 scrolls of teleportation {unknown}
 m - a scroll of brand weapon {unknown}
 n - a scroll of revelation
 u - a scroll of amnesia
 y - a scroll of vulnerability {unknown}
 A - a scroll of poison {unknown}
Potions
 d - 2 potions of might
 i - 2 potions of haste
 s - a potion of lignification


   Skills:
 - Level 3.0 Fighting
 * Level 5.2 Short Blades
 - Level 1.0 Throwing
 - Level 3.0 Armour
 - Level 1.0 Dodging
 - Level 1.0 Stealth
 - Level 2.6 Shields
 + Level 3.0 Spellcasting
 - Level 1.0 Evocations


You had 8 spell levels left.
You knew the following spells:

 Your Spells              Type           Power      Damage    Failure   Level
a - Ignite Poison         Fire/Tmut/Pois 1%         N/A       98%         3

Your spell library contained the following spells:

 Spells                   Type           Power      Damage    Failure   Level
 Slow                     Hex            4%         N/A       78%         1
 Cigotuvi's Dreadful Rot  Necr/Pois/Air  2%         N/A       89%         2
 Lesser Beckoning         Tloc           2%         N/A       89%         2
 Confusing Touch          Hex            1%         N/A       98%         3
 Gell's Gravitas          Tloc           1%         N/A       98%         3
 Sigil of Binding         Hex            1%         N/A       98%         3
 Teleport Other           Tloc           1%         N/A       98%         3
 Vampiric Draining        Necr           1%         2d6       98%         3
 Freezing Cloud           Conj/Ice/Air   0%         6-21      100%        5


Dungeon Overview and Level Annotations

Branches:
Dungeon (5/15)             Temple (1/1) D:4

Altars:
Ashenzari
Dithmenos
Fedhas
Gozag
Hepliaklqana
Kikubaaqudgha
Nemelex Xobeh
Okawaru
Ru
Sif Muna
Uskayaw
Vehumet
Wu Jian
Yredelemnul

Annotations:
D:5 Dowan


Innate Abilities, Weirdness & Mutations

You have a pair of antennae on your head.
Your demonic aura sometimes causes spilled blood to erupt in flames.
Spells you cast may paralyse adjacent enemies.


Message History

Throw: 10 darts (poison)
Press: ? - help, Q - select action, (/) - cycle Shift-Dir - straight line, f - Dowan
Aim: Dowan, wielding a +3 dagger of venom and wearing a +0 robe (moderately wounded, unable to see you, 43% to hit)
Okay, then.
Throw: 10 darts (poison)
Press: ? - help, Q - select action, (/) - cycle Shift-Dir - straight line, f - Dowan
Aim: Dowan, wielding a +3 dagger of venom and wearing a +0 robe (moderately wounded, unable to see you, 43% to hit)
You throw a poisoned dart. The poisoned dart closely misses Dowan.
* * * LOW HITPOINT WARNING * * *
You feel sick.
You hit Dowan.
Dowan is heavily wounded.
* * * LOW HITPOINT WARNING * * *
You feel sick.
Dowan gestures wildly while chanting.
Dowan blinks!
* * * LOW HITPOINT WARNING * * *
You feel sick.
Throw: 9 darts (poison)
Press: ? - help, Q - select action, (/) - cycle Shift-Dir - straight line, f/p - Dowan
Aim: Dowan, wielding a +3 dagger of venom and wearing a +0 robe (heavily wounded, unable to see you, 43% to hit)
You throw a poisoned dart. The poisoned dart hits Dowan.
Dowan is poisoned.
Dowan is heavily wounded.
* * * LOW HITPOINT WARNING * * *
You feel sick.
Dowan mumbles some strange words.
Dowan blinks!
* * * LOW HITPOINT WARNING * * *
You feel sick.
Throw: 8 darts (poison)
Press: ? - help, Q - select action, (/) - cycle Shift-Dir - straight line, f/p - Dowan
Aim: Dowan, wielding a +3 dagger of venom and wearing a +0 robe (heavily wounded, unable to see you, poisoned, 43% to hit)
You throw a poisoned dart. The poisoned dart closely misses Dowan.
* * * LOW HITPOINT WARNING * * *
You feel sick.
Throw: 7 darts (poison)
Press: ? - help, Q - select action, (/) - cycle Shift-Dir - straight line, f/p - Dowan
Aim: Dowan, wielding a +3 dagger of venom and wearing a +0 robe (severely wounded, unable to see you, poisoned, 43% to hit)
You throw a poisoned dart. The poisoned dart closely misses Dowan.
You die...

+# # ## ... .###
.###... ...
......# #.###....#
#..#....## #
#...@....# ..
#>......## .. ..
##..)...# ... #!
#...)...### #...
###.#..(.e..#.#
..#
..#...........#.##
..#
.....##.........#
..# ...##
#....((...# # ##.
##......(.##


You could see Dowan (unable to see you, poisoned).

Vanquished Creatures
  Menkaure (D:5)
  Duvessa (D:5)
  A hound (D:5)
  2 iguanas
  Ijyb (D:3)
  Robin (D:4)
  2 adders (D:3)
  2 worms
  3 dart slugs
  4 orcs
  7 ball pythons
  11 bats
  2 endoplasms (D:2)
  4 giant cockroaches
  21 goblins
  4 hobgoblins
  9 jackals
  7 quokkas
  7 frilled lizards
  4 kobolds
  6 rats
100 creatures vanquished.

Vanquished Creatures (others)
  A hound (D:5)
  An adder (D:5)
2 creatures vanquished.

Grand Total: 102 creatures vanquished

Notes
Turn   | Place    | Note
-------+----------+-------------------------------------------
     0 | D:1      | IdlyInterested the Demonspawn Fighter began the quest for
                  | the Orb.
     0 | D:1      | Reached XP level 1. HP: 18/18 MP: 1/1
    55 | D:1      | Reached skill level 2 in Short Blades
   194 | D:1      | Gained mutation: Your demonic aura sometimes causes spilled
                  | blood to erupt in flames. [demonic ancestry]
   194 | D:1      | Reached XP level 2. HP: 24/24 MP: 2/2
   233 | D:1      | Reached skill level 1 in Throwing
   886 | D:2      | Reached skill level 1 in Dodging
  1015 | D:2      | Reached skill level 1 in Stealth
  1021 | D:2      | Found a faded altar of an unknown god.
  1038 | D:2      | Gained mutation: Spells you cast may paralyse adjacent
                  | enemies. [demonic ancestry]
  1038 | D:2      | Reached XP level 3. HP: 27/29 MP: 3/3
  1140 | D:2      | Found a basalt altar of Yredelemnul.
  1261 | D:2      | Reached skill level 1 in Evocations
  1497 | D:3      | Reached XP level 4. HP: 35/35 MP: 4/4
  1672 | D:3      | Found a sacrificial altar of Ru.
  2101 | D:3      | Reached skill level 3 in Short Blades
  2113 | D:3      | Reached skill level 1 in Spellcasting
  2262 | D:3      | Noticed Ijyb
  2270 | D:3      | Killed Ijyb
  2362 | D:4      | Noticed Robin
  2443 | D:4      | Gained mutation: You have a pair of small antennae on your
                  | head. [demonic ancestry]
  2443 | D:4      | Reached XP level 5. HP: 41/41 MP: 6/6
  2535 | D:4      | Killed Robin
  2711 | D:4      | Found a broken altar of Ashenzari.
  2831 | D:4      | Found a staircase to the Ecumenical Temple.
  2840 | Temple   | Entered the Ecumenical Temple
  2916 | D:4      | Found a shimmering blue altar of Sif Muna.
  3074 | D:5      | Entered Level 5 of the Dungeon
  3093 | D:5      | Reached skill level 4 in Short Blades
  3174 | D:5      | Learned a level 3 spell: Ignite Poison
  3226 | D:5      | Noticed Menkaure
  3242 | D:5      | Killed Menkaure
  3243 | D:5      | Gained mutation: You have a pair of antennae on your head.
                  | [demonic ancestry]
  3243 | D:5      | Reached XP level 6. HP: 9/47 MP: 9/9
  3425 | D:5      | Noticed Dowan
  3427 | D:5      | Noticed Duvessa
  3443 | D:5      | Killed Duvessa
  3444 | D:5      | Reached skill level 5 in Short Blades
  3450 | D:5      | HP: 2/47 [poisoned by Dowan]
  3452 | D:5      | Succumbed to Dowan's poison

Illustrated notes

Levels and vault maps discovered:
D:1:      dpeg_arrival_erosion, layout_basic, nicolae_figureground_pulse
D:2:      layout_rooms, ebering_ecumenical_altar_abandoned, basic_altar,
          minmay_domino_2
D:3:      kennysheep_goblin_castle, layout_basic, lemuel_doored_altar,
          kennysheep_another_room, roderic_filled_cross
D:4:      layout_rooms, old_standard_altar, cheibrodos_ashenzari_chains,
          minmay_temple_entry_poolview, uniq_robin
D:5:      layout_cave_pools, kennysheep_generic_room_10,
          uniq_crazy_yiuf_cottage, uniq_menkaure, uniq_eustachio, uniq_duvessa
Temple:   nicolae_temple_x_marks_the_god

Skill      XL: |  1  2  3  4  5  6 |
---------------+-------------------+-----
Short Blades   | 2 3 4 5 |  5.2
Armour         | 3 |  3.0
Throwing       | 1 |  1.0
Dodging        | 1 |  1.0
Stealth        | 1 |  1.0
Evocations     | 1 |  1.0
Spellcasting   | 1 2 3 |  3.0
Fighting       | |  3.0
Shields        | |  2.6

Action                     |  1- 3 |  4- 6 || total
---------------------------+-------+-------++-------
  Melee: Rapier            |   167 |   205 ||   372
  Throw: Stone             |       |     3 ||     3
         Dart              |       |     5 ||     5
  Evoke: Wand              |       |     3 ||     3
    Use: Scroll            |     2 |     5 ||     7
         Potion            |       |     6 ||     6
   Stab: Invisible         |       |     1 ||     1
 Armour: Scale mail        |   147 |   167 ||   314
  Dodge: Dodged            |   102 |   103 ||   205
  Block: Buckler           |    50 |    42 ||    92

Table legend: (Time is in decaauts)
 A = Elapsed time spent in this place.
 B = Non-inter-level travel time spent in this place.
 C = Inter-level travel time spent in this place.
 D = Time resting spent in this place.
 E = Time spent auto-exploring this place.
 F = Levels seen in this place.
 G = Mean time per level.
                   A        B        C        D        E       F      G
               +--------+--------+--------+--------+--------+-----+--------+
         Total |   3488 |   3302 |    186 |    573 |   1627 |   6 |  581.3 |
       Dungeon |   3484 |   3298 |    186 |    573 |   1627 |   5 |  696.8 |
        Temple |      4 |      4 |      0 |      0 |      0 |   1 |    4.0 |
               +--------+--------+--------+--------+--------+-----+--------+

Top non-repeatable levels by time:
     D:3: 1077 daAuts
     D:1: 864 daAuts
     D:4: 625 daAuts
     D:2: 539 daAuts
     D:5: 377 daAuts
  Temple: 4 daAuts
